 Dungeon Crawl Stone Soup version 0.24.1-8-ga250c9d538 (webtiles) character file.

Game seed: 6164110110783588437, levelgen mode: deterministic

82 Hugehornet the Insei (level 4, -10/28 HPs)
             Began as an Octopode Transmuter on May 7, 2020.
             Mangled by an orc
             ... wielding a +0 spear of chaos
              (16 damage)
             ... on level 2 of the Dungeon.
             The game lasted 00:02:37 (1304 turns).

Hugehornet the Insei (Octopode Transmuter)          Turns: 1304, Time: 00:02:39

Health: -10/28     AC:  1    Str:  9    XL:     4   Next: 43%
Magic:  2/7        EV: 13    Int: 16    God:
Gold:   84         SH:  0    Dex: 12    Spells: 2/8 levels left

rFire    . . .     SeeInvis .     - Unarmed
rCold    . . .     Gourm    .   (no shield)
rNeg     . . .     Faith    .   (helmet restricted)
rPois    .         Spirit   .   (no amulet)
rElec    .         Reflect  .   (no ring)
rCorr    .         Harm     .   (no ring)
MR       .....                  (no ring)
Stlth    ++........             (no ring)
HPRegen  0.09/turn              (no ring)
MPRegen  0.10/turn              (no ring)
                                (no ring)
                                (no ring)

@: lethally poisoned (-10 -> -14), appendage, very slightly contaminated
A: almost no armour, stealthy swim, amphibious, 8 rings, constrict 8, tentacle
spike 3, camouflage 1, gelatinous body 1
a: End Transformation


You were on level 2 of the Dungeon.
You were not hungry.
One of your tentacles had a temporary spike.
You visited 1 branch of the dungeon, and saw 2 of its levels.

You collected 84 gold pieces.

Inventory:

Missiles
 a - 77 arrows
Scrolls
 b - a scroll of identify {unknown}
 d - 3 scrolls of fear {unknown}
 e - 4 scrolls of remove curse {unknown}
 j - a scroll of enchant armour {unknown}
Potions
 f - a potion of mutation {unknown}
 g - 3 potions of heal wounds {unknown}
 h - 2 potions of might {unknown}
 i - 2 potions of curing {unknown}
Comestibles
 c - 4 rations
 k - a chunk of flesh


   Skills:
 - Level 1.0 Fighting
 - Level 2.0 Dodging
 + Level 3.8 Unarmed Combat
 + Level 2.5 Spellcasting
 * Level 2.9 Transmutations
 * Level 1.7 Poison Magic


You had 2 spell levels left.
You knew the following spells:

 Your Spells              Type           Power        Failure   Level  Hunger
a - Beastly Appendage     Tmut           ##....       6%          1    #......
b - Sticks to Snakes      Tmut           ##......     9%          2    ##.....
c - Spider Form           Tmut/Pois      #.........   22%         3    ###....

Your spell library contained the following spells:

 Spells                   Type           Power        Failure   Level  Hunger
 Ice Form                 Ice/Tmut       #.......     71%         4    #####..
 Blade Hands              Tmut           ##........   86%         5    ######.


Dungeon Overview and Level Annotations

Branches:
Dungeon (2/15)

Altars:


Innate Abilities, Weirdness & Mutations

You cannot wear most types of armour.
You are very stealthy in the water. (Stealth+)
You are amphibious.
You can wear up to eight rings at the same time.
You can use your tentacles to constrict eight enemies at once.
Your skin changes colour to match your surroundings (Stealth+).
Your rubbery body absorbs attacks. (AC +1, EV +1)
One of your tentacles bears a large vicious spike.


Message History

You are poisoned.
You closely miss the orc. Your grab misses the orc.
You feel sick. The orc closely misses you. The orc barely misses you.
You tentacle-slap the orc. Your grab misses the orc.
Your tentacle-slap misses the orc.
The orc is severely wounded.
The orc misses you. The orc barely misses you.
You tentacle-slap the orc.
You kill the orc!
You feel sick.
The orc hits you from afar with a +1 spear of chaos!
* * * LOW HITPOINT WARNING * * *
You barely miss the orc. Your grab misses the orc.
You pierce the orc.
The orc is almost dead.
The orc closely misses you.
The orc hits you with a +0 spear of chaos.
* * * LOW HITPOINT WARNING * * *
You are electrocuted!
Ouch! That really hurt!
You die...

#§#..#### ##...## ######
#.##.≈ ##.## #... .≈≈≈⌠
#.# #.## #≈.(# #)# #.## ≈
#.≈. ##'## #.## ..≈ .≈≈
##...## #.##
≈...≈#o#####..)..## #.##
##≈)o##)......## #.#.
≈o#gg#.#@#......[..###...
..ogggo#))†........'.....
#.o#≈g≈###.........####..
.. #.⌠. ##.......## ##. o
.#.. ##.....## ## ≈.≈.#
##...## .^ ≈# ##'## ###
#.# ######.# #.#


You could see 2 orcs.

Vanquished Creatures
  Jessica (D:2)
  Robin (D:2)
  2 oozes (D:1)
  A worm (D:2)
  2 orcs (D:2)
  3 bats
  A giant cockroach (D:2)
  9 goblins
  6 hobgoblins
  A frilled lizard (D:2)
  A kobold (D:2)
  3 rats
31 creatures vanquished.

Notes
Turn   | Place    | Note
-------+----------+-------------------------------------------
     0 | D:1      | Hugehornet the Octopode Transmuter began the quest for the
                  | Orb.
     0 | D:1      | Reached XP level 1. HP: 13/13 MP: 3/3
    61 | D:1      | Reached XP level 2. HP: 6/18 MP: 3/5
   262 | D:1      | Learned a level 2 spell: Sticks to Snakes
   754 | D:2      | Reached XP level 3. HP: 19/23 MP: 4/6
   759 | D:2      | Learned a level 3 spell: Spider Form
  1113 | D:2      | Noticed Jessica
  1119 | D:2      | Killed Jessica
  1119 | D:2      | Reached skill level 1 in Poison Magic
  1119 | D:2      | Reached XP level 4. HP: 28/28 MP: 3/7
  1197 | D:2      | Noticed Robin
  1286 | D:2      | Killed Robin
  1304 | D:2      | Mangled by an orc

Levels and vault maps discovered:
D:1:      lightli_arrival_isolated_outpost, layout_basic
D:2:      layout_loops_corners, tgw_xom, uniq_crazy_yiuf_cottage, uniq_jessica,
          uniq_robin

Skill      XL: |  1  2  3 |
---------------+----------+-----
Poison Magic   | 1 |  1.7
Fighting       | |  1.0
Dodging        | |  2.0
Unarmed Combat | |  3.8
Spellcasting   | |  2.5
Transmutations | |  2.9

Action                   |  1- 3 |  4- 6 || total
-------------------------+-------+-------++-------
Melee: Unarmed           |    45 |    28 ||    73
       Kick              |    13 |     4 ||    17
       Constrict         |    12 |     3 ||    15
       Tentacles         |     6 |     1 ||     7
       Punch             |     1 |       ||     1
 Cast: Beastly Appendage |    15 |     4 ||    19
       Spider Form       |     1 |     1 ||     2
 Abil: End Transformatio |       |     1 ||     1
 Stab: Sleeping          |     1 |       ||     1
  Eat: Chunk             |       |     2 ||     2
Armor: Skin              |     5 |     4 ||     9
Dodge: Dodged            |    33 |    29 ||    62
